 Dungeon Crawl Stone Soup version 0.31.0-11-ge490571c62 (webtiles) character file.

Game seed: 9940051013948301142

452 qw the Shooter (level 6, 0/30 HPs)
             Began as a Spriggan Hunter on Feb 3, 2024.
             Slain by a gnoll
             ... wielding a +0 spear
             ... led by a gnoll bouda
              (4 damage)
             ... on level 4 of the Dungeon.
             The game lasted 00:00:13 (2871 turns).

qw the Shooter (Spriggan Hunter)                    Turns: 2871, Time: 00:00:14

Health: 0/30       AC:  4    Str:  7    XL:     6   Next: 75%
Magic:  0/7        EV: 21    Int: 11    God:
Gold:   185        SH:  0    Dex: 20    Spells: 5/5 levels left

rFire   . . .        a - +1 shortbow
rCold   . . .        (shield currently unavailable)
rNeg    + . .        h - +2 robe {rN+}
rPois   .            (helmet restricted)
rElec   .            (no cloak)
rCorr   .            (gloves unavailable)
SInv    +            (boots unavailable)
Will    +....        g - amulet of guardian spirit
Stlth   ++           (no ring)
HPRegen 0.25/turn    (no ring)
MPRegen 0.10/turn

%: guardian spirit
@: about to teleport, weakened, very quick
A: very small, no large weapons, unfitting armour, see invisible, speed 3
a: no special abilities


You were on level 4 of the Dungeon.
You visited 1 branch of the dungeon, and saw 4 of its levels.

You collected 266 gold pieces.
You spent 81 gold pieces at shops.


Innate Abilities, Weirdness & Mutations

You are very small and have problems with some larger weapons.
You are too small for most types of armour.
You have supernaturally acute eyesight. (SInv)
You cover ground extremely quickly. (Speed+++)


   Skills:
 - Level 2.0 Fighting
 + Level 6.8 Ranged Weapons
 - Level 6.0 Dodging
 - Level 1.5 Stealth


You had 5 spell levels left.
You didn't know any spells.
Your spell library was empty.

Inventory:

Hand Weapons
 a - a +1 shortbow (weapon)
Armour
 h - a +2 robe of positive energy (worn)
Jewellery
 g - an amulet of guardian spirit (around neck)
 k - an amulet of reflection
Scrolls
 l - a scroll of identify
Potions
 b - a potion of magic {unknown}
 c - a potion of brilliance {unknown}
 d - a potion of haste
 f - a potion of mutation {unknown}
 i - a potion of heal wounds
 j - a potion of attraction {unknown}

Dungeon Overview and Level Annotations

Branches:
Dungeon (4/15)
 Temple: D:4-7

Altars:
Dithmenos

Shops:
D:3 [


Message History

The arrow hits the scorpion but does no damage.
The scorpion is severely wounded.
The scorpion stings you but does no damage.
You shoot an arrow.
The arrow hits the scorpion but does no damage.
The scorpion is severely wounded.
The scorpion barely misses you. The gnoll closely misses you.
The scorpion closely misses you.
You shoot an arrow. The arrow barely misses the scorpion.
The arrow barely misses the gnoll bouda.
The gnoll completely misses you. The scorpion stings you.
You shoot an arrow. The arrow barely misses the scorpion.
The arrow hits the gnoll bouda but does no damage.
The gnoll closely misses you. The scorpion closely misses you.
You shoot an arrow. The arrow barely misses the scorpion.
The arrow hits the gnoll bouda!
The gnoll bouda is heavily wounded.
The scorpion completely misses you.
The gnoll hits you from afar with a +0 spear.
The gnoll bouda gazes fiercely through you!
You feel your attacks grow feeble.
You shoot an arrow. The arrow hits the scorpion.
You kill the scorpion!
The gnoll misses you.
An iguana comes into view.
The gnoll bouda gazes fiercely through you!
You feel as though you will be weak longer.
You shoot an arrow. The arrow hits the gnoll bouda.
The gnoll bouda is severely wounded.
The gnoll closely misses you.
The iguana bites something!
The gnoll bouda misses you.
You shoot an arrow.
The arrow barely misses the gnoll bouda.
The gnoll hits you from afar with a +0 spear.
The iguana bites something.
The gnoll bouda barely misses you.
2871 ||| READING scroll of teleportation.
As you read the scroll of teleportation, it crumbles to dust.
You feel strangely unstable.
The gnoll hits you from afar with a +0 spear.
You die... .....[... .PPgP.. #####.... ....gPP ...##.... .P..... #....... ..P.g.. ####....
P.P.P

## #.... .l.
...###.... #g#######
##........ #.g@....#
..........
#####...##.##..#....
#.........##....
#######..<...######...
..........#### #.....
..........## ###.#...
...........####.....(.
.).......))).)..##..##
...........###..#...##


You could see a gnoll bouda, an iguana and a gnoll (swift).

Vanquished Creatures
  Sigmund (D:2)
  A scorpion (D:4)
  An orc priest (D:3)
  Jessica (D:3)
  An iguana (D:4)
  An orc wizard (D:4)
  4 gnolls (D:3)
  An adder (D:3)
  A dart slug (D:1)
  3 ribbon worms
  6 orcs
  6 endoplasms
  2 giant cockroaches
  7 goblins
  4 hobgoblins
  3 kobolds
  2 quokkas
  6 ball pythons
  6 bats
  4 frilled lizards
  8 rats
69 creatures vanquished.

Notes
Turn   | Place    | Note
-------+----------+-------------------------------------------
     0 | D:1      | qw the Spriggan Hunter began the quest for the Orb.
     0 | D:1      | Reached XP level 1. HP: 10/10 MP: 2/2
     0 | D:1      | 0 ||| qw: Version: 0.3-a-157-g843a77d
     0 | D:1      | 0 ||| qw: Game counter: 3642
     0 | D:1      | 0 ||| qw: Melee chars always use a shield: true
     0 | D:1      | 0 ||| qw: God list: Okawaru
     0 | D:1      | 0 ||| qw: Allow faded altars: false
     0 | D:1      | 0 ||| qw: Do Orc after clearing Dungeon:15 true
     0 | D:1      | 0 ||| qw: Do second Lair branch before Depths: true
     0 | D:1      | 0 ||| qw: Lair rune preference: random
     0 | D:1      | 0 ||| qw: Goals: Normal
     0 | D:1      | 0 ||| PLANNING D:1-11
    71 | D:1      | Reached skill level 3 in Dodging
   252 | D:1      | Reached XP level 2. HP: 14/14 MP: 3/3
   534 | D:1      | 534 ||| READING scroll labelled POLYBR MADAREB.
   535 | D:1      | 535 ||| READING scroll labelled ZAHEUZX XUEFAS.
   535 | D:1      | 535 ||| IDENTIFYING emerald potion
   536 | D:1      | 536 ||| READING scroll labelled OXIUP BUMEXE.
   539 | D:1      | 539 ||| DRINKING 2 fuming pink potions.
   571 | D:1      | 571 ||| DROPPING scroll of butterflies.
   572 | D:1      | 572 ||| DROPPING potion of lignification.
   828 | D:2      | Found a shadowy altar of Dithmenos.
   867 | D:2      | Reached XP level 3. HP: 18/18 MP: 4/4
   876 | D:2      | Noticed Sigmund
   877 | D:2      | 877 ||| DRINKING potion of haste.
   891 | D:2      | 891 ||| DRINKING dark potion.
   892 | D:2      | 892 ||| DRINKING fizzy black potion.
   912 | D:2      | Killed Sigmund
   913 | D:2      | Reached skill level 6 in Ranged Weapons
   913 | D:2      | Reached XP level 4. HP: 6/22 MP: 5/5
   913 | D:2      | Reached XP level 5. HP: 7/25 MP: 6/6
  1454 | D:2      | Found a faded altar of an unknown god.
  1543 | D:2      | 1543 ||| READING scroll labelled GYSOLE FACU VIL.
  1543 | D:2      | 1543 ||| ENCHANTING +0 shortbow.
  1652 | D:3      | Found a shadowy altar of Dithmenos.
  1814 | D:3      | Found Ugref's Antique Armour Shoppe.
  1827 | D:3      | 1827 ||| SHOPLISTING +4 skin of Zhor {*Englaciate rC+++
                  | SInv} (1463 gold, have 150).
  1827 | D:3      | 1827 ||| BUYING glowing robe (81 gold).
  1827 | D:3      | Bought a glowing robe for 81 gold pieces
  1871 | D:3      | Noticed Jessica
  1875 | D:3      | 1875 ||| DRINKING 2 potions of haste.
  1876 | D:3      | Killed Jessica
  2070 | D:3      | 2070 ||| FLEEEEING.
  2071 | D:3      | 2071 ||| FLEEEEING.
  2072 | D:3      | 2072 ||| FLEEEEING.
  2073 | D:3      | 2073 ||| FLEEEEING.
  2074 | D:3      | 2074 ||| FLEEEEING.
  2075 | D:3      | 2075 ||| FLEEEEING.
  2076 | D:3      | 2076 ||| FLEEEEING.
  2077 | D:3      | 2077 ||| FLEEEEING.
  2078 | D:3      | 2078 ||| FLEEEEING.
  2079 | D:3      | 2079 ||| FLEEEEING.
  2080 | D:3      | 2080 ||| FLEEEEING.
  2081 | D:3      | 2081 ||| FLEEEEING.
  2082 | D:3      | 2082 ||| FLEEEEING.
  2083 | D:3      | 2083 ||| FLEEEEING.
  2084 | D:3      | 2084 ||| FLEEEEING.
  2085 | D:3      | 2085 ||| FLEEEEING.
  2087 | D:3      | 2087 ||| FLEEEEING.
  2090 | D:3      | 2090 ||| FLEEEEING.
  2092 | D:3      | 2092 ||| FLEEEEING.
  2094 | D:3      | 2094 ||| FLEEEEING.
  2095 | D:3      | 2095 ||| FLEEEEING.
  2099 | D:3      | 2099 ||| FLEEEEING.
  2100 | D:3      | 2100 ||| FLEEEEING.
  2101 | D:3      | 2101 ||| FLEEEEING.
  2102 | D:3      | 2102 ||| FLEEEEING.
  2104 | D:3      | 2104 ||| FLEEEEING.
  2105 | D:3      | 2105 ||| STAIRDANCE
  2119 | D:2      | 2119 ||| UPGRADING to +2 robe of positive energy.
  2129 | D:2      | 2129 ||| DROPPING +0 robe.
  2130 | D:2      | 2130 ||| UPGRADING to amulet of guardian spirit.
  2135 | D:2      | 2135 ||| DROPPING amulet of magic regeneration.
  2145 | D:3      | Reached XP level 6. HP: 22/30 MP: 4/7
  2356 | D:3      | HP: 6/30 [gnoll/+0 spear (4)]
  2357 | D:3      | 2357 ||| READING 2 scrolls of teleportation.
  2361 | D:3      | 2361 ||| FLEEEEING.
  2362 | D:3      | 2362 ||| FLEEEEING.
  2363 | D:3      | 2363 ||| FLEEEEING.
  2364 | D:3      | 2364 ||| FLEEEEING.
  2368 | D:3      | 2368 ||| FLEEEEING.
  2369 | D:3      | 2369 ||| FLEEEEING.
  2370 | D:3      | 2370 ||| FLEEEEING.
  2371 | D:3      | 2371 ||| FLEEEEING.
  2372 | D:3      | 2372 ||| FLEEEEING.
  2373 | D:3      | 2373 ||| FLEEEEING.
  2374 | D:3      | 2374 ||| FLEEEEING.
  2375 | D:3      | 2375 ||| FLEEEEING.
  2378 | D:3      | 2378 ||| FLEEEEING.
  2380 | D:3      | 2380 ||| FLEEEEING.
  2381 | D:3      | 2381 ||| FLEEEEING.
  2384 | D:3      | 2384 ||| FLEEEEING.
  2385 | D:3      | 2385 ||| FLEEEEING.
  2386 | D:3      | 2386 ||| FLEEEEING.
  2387 | D:3      | 2387 ||| FLEEEEING.
  2388 | D:3      | 2388 ||| STAIRDANCE
  2819 | D:4      | Reached skill level 6 in Dodging
  2845 | D:4      | 2845 ||| RETREEEEATING.
  2848 | D:4      | 2848 ||| RETREEEEATING.
  2870 | D:4      | HP: 4/30 [gnoll/+0 spear[a gnoll bouda] (5)]
  2871 | D:4      | 2871 ||| READING scroll of teleportation.
  2871 | D:4      | Slain by a gnoll

Levels and vault maps discovered:
D:1:      dpeg_arrival_shrine, layout_rooms, serial_corexii_hall,
          corexii_hall_statues_deadend, corexii_hall_statues_l,
          patterned_corridor
D:2:      layout_loops_ring, dreamdust_ecumenical_altar_hidden_monk_grotto,
          basic_altar, chequers_garden, nicolae_kite_square_tiling_tiny,
          hangedman_glass_teeth, uniq_sigmund
D:3:      layout_basic, grunt_dithmenos_smoke_and_mirrors, serial_shops, shop,
          uniq_jessica
D:4:      layout_rooms, nicolae_grassy_gnolls

Skill      XL: |  1  2  3  4  5  6 |
---------------+-------------------+-----
Dodging        | 3 4 5 6 |  6.0
Ranged Weapons | 6 |  6.8
Fighting       | 2 |  2.0
Stealth        | |  1.5

Action                     |  1- 3 |  4- 6 || total
---------------------------+-------+-------++-------
   Fire: Shortbow          |    82 |   131 ||   213
    Use: Scroll            |     3 |     3 ||     6
         Potion            |     4 |     1 ||     5
 Armour: Robe              |    11 |    24 ||    35
  Dodge: Dodged            |    28 |    59 ||    87

Table legend:
 A = Non-vault XP
 B = Vault XP
 C = Vault XP percentage of total XP
 D = Non-vault monster count
 E = Vault monster count
 F = Vault count percentage of total count
                 A         B        C        D         E       F
            +---------+---------+-------+---------+---------+-------
      Total |     383 |     263 |  40.7 |      67 |       2 |   2.9
            +---------+---------+-------+---------+---------+-------
        D:1 |      20 |       0 |   0.0 |      11 |       0 |   0.0
        D:2 |      36 |     226 |  86.3 |      20 |       1 |   4.8
        D:3 |     149 |      37 |  19.9 |      23 |       1 |   4.2
        D:4 |     178 |       0 |   0.0 |      13 |       0 |   0.0
            +---------+---------+-------+---------+---------+-------
